[Event "Hungarian Rapid-ch 2022"]
[Site "Ajka"]
[Date "2022.07.15"]
[Round "3.7"]
[White "Vertetics, Attila"]
[Black "Margl, Roland"]
[Result "1/2-1/2"]
[ECO "D02"]
[WhiteElo "2465"]
[BlackElo "2312"]
[Annotator "ChessBase"]
[PlyCount "150"]
[EventDate "2022.07.15"]
[EventType "swiss"]
[EventCountry "HUN"]
[SourceTitle "playchess.com"]
[Source "ChessBase"]
[SourceQuality "1"]
[TimeControl "900+10"]

1. d4 d5 2. Nf3 Nf6 3. c4 e6 4. e3 b6 5. Nc3 Bb7 6. Bd3 Nbd7 7. O-O Bd6 8. Qe2 O-O 9. e4 dxe4 10. Nxe4 Nxe4 11. Bxe4 Bxe4 12. Qxe4 c5 13. Rd1 Nf6 14. Qh4 cxd4 15. Nxd4 Be7 16. Qf4 Qc8 17. b3 Rd8 18. Be3 Qb7 19. Nb5 Rd7 20. Rxd7 Qxd7 21. Qd4 Qb7 22. Rd1 h6 23. Qe5 Ng4 24. Qf4 Nxe3 25. Qxe3 Bc5 26. Qe5 Rc8 27. Nc3 Be7 28. Qe4 Qxe4 29. Nxe4 Rc7 30. Kf1 f5 31. Nc3 a6 32. Ne2 Kf7 33. Nd4 Rd7 34. Ke2 Bc5 35. Nc2 Rxd1 36. Kxd1 Bxf2 37. Ke2 Bg1 38. h3 a5 39. a3 Bc5 40. b4 axb4 41. axb4 Bd6 42. Kd3 Be5 43. c5 bxc5 44. bxc5 Ke7 45. Kc4 g5 46. g4 Kd7 47. Kb5 f4 48. Kc4 Bc7 49. Ne1 Kc6 50. Nf3 e5 51. Nd2 Bd8 52. Kd3 Kd5 53. c6 Kxc6 54. Ke4 Bc7 55. Nf3 Kc5 56. h4 gxh4 57. Nxh4 Bd8 58. Nf5 Bg5 59. Kxe5 f3 60. Ke4 f2 61. Ng3 Bh4 62. Nf1 Kd6 63. Ne3 Kc5 64. Kf3 Kd4 65. Ke2 Ke4 66. Nd1 Kf4 67. Nxf2 Bxf2 68. Kxf2 Kxg4 69. Kg2 h5 70. Kh2 h4 71. Kg2 h3+ 72. Kh2 Kh4 73. Kh1 Kg3 74. Kg1 h2+ 75. Kh1 Kh3 1/2-1/2

[Event "Hungarian Rapid-ch 2022"]
[Site "Ajka"]
[Date "2022.07.15"]
[Round "3.8"]
[White "Kiss, Pal"]
[Black "Antal, Gergely"]
[Result "0-1"]
[ECO "D83"]
[WhiteElo "2243"]
[BlackElo "2571"]
[Annotator "ChessBase"]
[PlyCount "58"]
[EventDate "2022.07.15"]
[EventType "swiss"]
[EventCountry "HUN"]
[SourceTitle "playchess.com"]
[Source "ChessBase"]
[SourceQuality "1"]
[TimeControl "900+10"]

1. d4 Nf6 2. c4 g6 3. Nc3 d5 4. Bf4 Bg7 5. e3 O-O 6. Rc1 Be6 7. cxd5 Nxd5 8. Nxd5 Qxd5 9. b3 c6 10. Nf3 Qa5+ 11. Qd2 Qxd2+ 12. Nxd2 Nd7 13. Bc4 Bxc4 14. Nxc4 c5 15. dxc5 Nxc5 16. Ne5 Rfc8 17. Ke2 Ne4 18. Kf3 f5 19. h4 Bf6 20. g4 e6 21. Nd7 Bb2 22. Rxc8+ Rxc8 23. gxf5 exf5 24. Be5 Bxe5 25. Nxe5 Rc2 26. Rh2 Rxa2 27. h5 g5 28. h6 g4+ 29. Kf4 g3 0-1

[Event "Hungarian Rapid-ch 2022"]
[Site "Ajka"]
[Date "2022.07.15"]
[Round "3.9"]
[White "Kantor, Gergely"]
[Black "Nemeth, Zalan"]
[Result "1-0"]
[ECO "A50"]
[WhiteElo "2582"]
[BlackElo "2194"]
[Annotator "ChessBase"]
[PlyCount "39"]
[EventDate "2022.07.15"]
[EventType "swiss"]
[EventCountry "HUN"]
[SourceTitle "playchess.com"]
[Source "ChessBase"]
[SourceQuality "1"]
[TimeControl "900+10"]

1. d4 Nf6 2. c4 b6 3. Nc3 Bb7 4. Qc2 d5 5. cxd5 Nxd5 6. Nf3 e6 7. e4 Nxc3 8. bxc3 c5 9. Bb5+ Bc6 10. Bd3 cxd4 11. O-O Be7 12. cxd4 O-O 13. Bb2 Bb7 14. d5 exd5 15. exd5 Qxd5 16. Rfe1 Qh5 17. Re5 Qh6 18. Bc1 Qf6 19. Bxh7+ Kh8 20. Rh5 1-0

[Event "Hungarian Rapid-ch 2022"]
[Site "Ajka"]
[Date "2022.07.15"]
[Round "3.10"]
[White "Udvardi, Zalan"]
[Black "Aczel, Gergely"]
[Result "0-1"]
[ECO "B23"]
[WhiteElo "2310"]
[BlackElo "2499"]
[Annotator "ChessBase"]
[PlyCount "76"]
[EventDate "2022.07.15"]
[EventType "swiss"]
[EventCountry "HUN"]
[SourceTitle "playchess.com"]
[Source "ChessBase"]
[SourceQuality "1"]
[TimeControl "900+10"]

1. e4 c5 2. Nc3 a6 3. g3 b5 4. Bg2 Bb7 5. d3 e6 6. f4 b4 7. Na4 d5 8. f5 exf5 9. exd5 Bxd5 10. Qe2+ Be7 11. Nxc5 Nf6 12. Na4 O-O 13. Bg5 Nc6 14. Nf3 Re8 15. O-O-O Ng4 16. Bd2 Qa5 17. b3 Bc5 18. Qf1 Nf2 19. Ng5 Bxg2 20. Qxg2 Ne7 21. Nxc5 Nxd1 22. Nb7 Qxa2 23. Kxd1 Rac8 24. Bc1 Nd5 25. Nd6 Nc3+ 26. Kd2 Nb1+ 27. Kd1 Nc3+ 28. Kd2 Re2+ 29. Qxe2 Nxe2 30. Nxc8 Nd4 31. Ke3 Nxc2+ 32. Kf4 h6 33. Nf3 Qxb3 34. Ne7+ Kh7 35. Nxf5 Qxd3 36. h4 Qc4+ 37. Ke5 f6+ 38. Kd6 Qd3+ 0-1

[Event "Hungarian Rapid-ch 2022"]
[Site "Ajka"]
[Date "2022.07.15"]
[Round "3.11"]
[White "Balint, Vilmos"]
[Black "Bagi, Mate"]
[Result "0-1"]
[ECO "A05"]
[WhiteElo "2283"]
[BlackElo "2460"]
[Annotator "ChessBase"]
[PlyCount "106"]
[EventDate "2022.07.15"]
[EventType "swiss"]
[EventCountry "HUN"]
[SourceTitle "playchess.com"]
[Source "ChessBase"]
[SourceQuality "1"]
[TimeControl "900+10"]

1. Nf3 Nf6 2. g3 g6 3. Bg2 Bg7 4. O-O d5 5. c4 d4 6. b4 c5 7. d3 O-O 8. bxc5 Nc6 9. Nbd2 e5 10. Rb1 h6 11. Ne1 Qe7 12. Qa4 Bg4 13. Nef3 Rab8 14. h3 Bd7 15. Qa3 Rfe8 16. Ne1 Bf8 17. Nb3 b6 18. Qa4 Rec8 19. Ba3 e4 20. Nc2 Qe5 21. Qa6 e3 22. fxe3 bxc5 23. exd4 Qxe2 24. Rf2 Qxd3 25. Bxc5 Bxc5 26. dxc5 Ne4 27. Bxe4 Qxe4 28. Re1 Qd3 29. Re3 Qd1+ 30. Kh2 Qh5 31. h4 Re8 32. Ref3 Ne5 33. Ncd4 Nxf3+ 34. Rxf3 Qg4 35. Qf6 Qh3+ 36. Kg1 Re1+ 37. Rf1 Qxg3+ 38. Kh1 Rxf1+ 39. Qxf1 Qxh4+ 40. Kg1 Qg3+ 41. Qg2 Qxg2+ 42. Kxg2 Be6 43. Na5 Rb2+ 44. Kg3 Rxa2 45. Nab3 Kf8 46. c6 Ke7 47. Nc5 Bc8 48. Nb7 Ra4 49. Nb5 Rxc4 50. Nxa7 Be6 51. Na5 Ra4 52. c7 Rxa5 53. Nc6+ Kd7 0-1

[Event "Hungarian Rapid-ch 2022"]
[Site "Ajka"]
[Date "2022.07.15"]
[Round "3.12"]
[White "Miszler, Levente"]
[Black "Korpa, Bence"]
[Result "0-1"]
[ECO "A40"]
[WhiteElo "2243"]
[BlackElo "2537"]
[Annotator "ChessBase"]
[PlyCount "102"]
[EventDate "2022.07.15"]
[EventType "swiss"]
[EventCountry "HUN"]
[SourceTitle "playchess.com"]
[Source "ChessBase"]
[SourceQuality "1"]
[TimeControl "900+10"]

1. d4 g6 2. c4 Bg7 3. Nf3 e6 4. g3 Ne7 5. Bg2 d5 6. O-O Nbc6 7. e3 O-O 8. Nbd2 b6 9. b3 a5 10. Bb2 a4 11. Rc1 axb3 12. axb3 Bb7 13. Ra1 Rxa1 14. Qxa1 Qd7 15. Rc1 Ra8 16. Qb1 Nf5 17. Ne1 Nb4 18. Nd3 Nxd3 19. Qxd3 Nd6 20. Ra1 Rxa1+ 21. Bxa1 dxc4 22. Nxc4 Bxg2 23. Kxg2 Qb5 24. Bb2 h5 25. Ba3 Qd5+ 26. Kg1 Ne4 27. h4 b5 28. Nd2 Nxd2 29. Qxd2 Qxb3 30. Qa5 Qb1+ 31. Kg2 Qe4+ 32. Kg1 Qb7 33. Qb4 Qa8 34. Qc3 c6 35. Bc5 Qa2 36. Bb4 Qd5 37. Qa3 Qd7 38. Qa8+ Kh7 39. Qb8 Bf6 40. Qf8 e5 41. Bc5 Bg7 42. Qa8 exd4 43. exd4 Bxd4 44. Bxd4 Qxd4 45. Qxc6 b4 46. Qb7 Kg7 47. Kg2 Qc3 48. f3 b3 49. g4 b2 50. gxh5 Qc2+ 51. Kg3 b1=Q 0-1

[Event "Hungarian Rapid-ch 2022"]
[Site "Ajka"]
[Date "2022.07.15"]
[Round "3.13"]
[White "Molnar, Aurel Jr."]
[Black "Csonka, Balazs"]
[Result "0-1"]
[ECO "B54"]
[WhiteElo "2014"]
[BlackElo "2495"]
[Annotator "ChessBase"]
[PlyCount "70"]
[EventDate "2022.07.15"]
[EventType "swiss"]
[EventCountry "HUN"]
[SourceTitle "playchess.com"]
[Source "ChessBase"]
[SourceQuality "1"]
[TimeControl "900+10"]

1. e4 c5 2. Nf3 d6 3. d4 cxd4 4. Nxd4 Nf6 5. f3 e5 6. Nb3 a5 7. Bb5+ Bd7 8. a4 d5 9. exd5 Bxb5 10. axb5 Nxd5 11. c4 Qh4+ 12. g3 Qxc4 13. Bd2 a4 14. Nc3 Nxc3 15. Bxc3 Qxb5 16. Nd2 Nc6 17. Qe2 Qxe2+ 18. Kxe2 b5 19. Ne4 b4 20. Be1 Nd4+ 21. Kf2 f5 22. Nd2 Bc5 23. Kg2 Nc2 24. Rc1 Ne3+ 25. Kh3 Bd4 26. Bf2 g5 27. Rhe1 g4+ 28. fxg4 fxg4+ 29. Kh4 Ng2+ 30. Kxg4 Nxe1 31. Bxd4 Nd3 32. Bxe5 Nxe5+ 33. Kf5 Ra5 34. Rc8+ Kd7 35. Rxh8 Ng6+ 0-1

[Event "Hungarian Rapid-ch 2022"]
[Site "Ajka"]
[Date "2022.07.15"]
[Round "3.14"]
[White "Horvath, Kristof"]
[Black "Csiszar, Csaba"]
[Result "1/2-1/2"]
[ECO "B22"]
[WhiteElo "2053"]
[BlackElo "2389"]
[Annotator "ChessBase"]
[PlyCount "151"]
[EventDate "2022.07.15"]
[EventType "swiss"]
[EventCountry "HUN"]
[SourceTitle "playchess.com"]
[Source "ChessBase"]
[SourceQuality "1"]
[TimeControl "900+10"]

1. e4 c5 2. c3 Nf6 3. e5 Nd5 4. d4 cxd4 5. Qxd4 Nb6 6. Nf3 Nc6 7. Qe4 g6 8. Bd3 Bg7 9. O-O O-O 10. Bf4 d5 11. exd6 exd6 12. Qe2 Bg4 13. h3 Re8 14. Be3 Bd7 15. Qd2 Ne5 16. Nxe5 dxe5 17. Na3 Qc7 18. Rad1 Rad8 19. Qc2 a6 20. c4 Be6 21. Qb3 Nd7 22. Be4 b6 23. Bd5 Nc5 24. Qc3 Rc8 25. b4 Nd7 26. Bxe6 Rxe6 27. Qd3 Nf6 28. c5 b5 29. Nc2 Qc6 30. Qb3 Rce8 31. Rd3 Qe4 32. Rfd1 Nh5 33. Rd6 h6 34. c6 Bf8 35. Rxe6 Rxe6 36. Rd8 Rxc6 37. Bc5 Rxc5 38. bxc5 Nf4 39. Ne3 Ne6 40. Qd5 Qb1+ 41. Kh2 Nxd8 42. Qxd8 Qc1 43. Nd5 Qxc5 44. Nf6+ Kg7 45. Ne8+ Kh8 46. Qf6+ Kg8 47. Qxa6 Be7 48. Qa8 Kh7 49. Qb7 b4 50. Nc7 Bd6 51. Ne8 e4+ 52. Nxd6 Qxd6+ 53. g3 Qe6 54. Qxb4 Qxa2 55. Kg2 e3 56. Qe1 Qxf2+ 57. Qxf2 exf2 58. Kxf2 Kg7 59. Kf3 Kf6 60. Kf4 Ke6 61. h4 f6 62. Ke4 h5 63. Kf4 Kd5 64. Kf3 Ke5 65. Ke3 Kf5 66. Kf3 g5 67. hxg5 Kxg5 68. Kf2 Kg4 69. Kg2 Kg5 70. Kf3 Kf5 71. Ke3 Kg6 72. Kf4 Kg7 73. g4 h4 74. Kf3 Kh6 75. Kg2 Kg6 76. Kh2 1/2-1/2

[Event "Hungarian Rapid-ch 2022"]
[Site "Ajka"]
[Date "2022.07.15"]
[Round "3.15"]
[White "Papp, Levente"]
[Black "Gelle, Istvan"]
[Result "1-0"]
[ECO "A12"]
[WhiteElo "2394"]
[BlackElo "2218"]
[Annotator "ChessBase"]
[PlyCount "79"]
[EventDate "2022.07.15"]
[EventType "swiss"]
[EventCountry "HUN"]
[SourceTitle "playchess.com"]
[Source "ChessBase"]
[SourceQuality "1"]
[TimeControl "900+10"]

1. c4 c6 2. Nf3 d5 3. b3 Bf5 4. Bb2 e6 5. g3 Nf6 6. Bg2 Be7 7. O-O O-O 8. d3 h6 9. Nc3 Nbd7 10. Qc2 Bh7 11. e4 Nc5 12. Rad1 a5 13. Qe2 dxc4 14. bxc4 Qb6 15. e5 Nfd7 16. d4 Na6 17. d5 cxd5 18. cxd5 Ndc5 19. d6 Bd8 20. Nd4 Bd3 21. Rxd3 Nxd3 22. Qxd3 Qxb2 23. Ndb5 Nc5 24. Qc4 Bb6 25. Rb1 Qd2 26. Rd1 Qb2 27. Nd4 Nd7 28. Na4 Qb4 29. Nxb6 Nxb6 30. Qc7 Nd5 31. Bxd5 exd5 32. Nf5 Kh7 33. Ne7 d4 34. Qc2+ g6 35. Qe4 f5 36. Qd5 f4 37. Qe6 Rg8 38. Nxg8 Rxg8 39. Qf7+ Rg7 40. Qxf4 1-0

[Event "Hungarian Rapid-ch 2022"]
[Site "Ajka"]
[Date "2022.07.15"]
[Round "3.16"]
[White "Kozak, Adam"]
[Black "Papp, Bence"]
[Result "1-0"]
[ECO "E10"]
[WhiteElo "2522"]
[BlackElo "2244"]
[Annotator "ChessBase"]
[PlyCount "123"]
[EventDate "2022.07.15"]
[EventType "swiss"]
[EventCountry "HUN"]
[SourceTitle "playchess.com"]
[Source "ChessBase"]
[SourceQuality "1"]
[TimeControl "900+10"]

1. d4 Nf6 2. c4 e6 3. Nf3 a6 4. Nc3 d5 5. cxd5 exd5 6. Bg5 Be6 7. e3 Nbd7 8. Bd3 c6 9. h3 Bd6 10. Qc2 Qc7 11. Bf5 Bxf5 12. Qxf5 h6 13. Bxf6 Nxf6 14. O-O O-O 15. Rab1 Bb4 16. Rfc1 Qa5 17. Ne5 Rac8 18. Rc2 Rc7 19. Rbc1 Re7 20. a3 Bxc3 21. Rxc3 Ne4 22. R3c2 Qd8 23. b4 Nd6 24. Qd3 Rfe8 25. a4 f6 26. Ng6 Re4 27. Qb3 Qd7 28. Nf4 Qf5 29. Nd3 g5 30. Nc5 R4e7 31. Qd3 Qxd3 32. Nxd3 Kf7 33. Nb2 Ke6 34. Nd3 Kf7 35. g4 h5 36. Kg2 h4 37. Nc5 Kg6 38. Kf3 Rf8 39. Kg2 f5 40. gxf5+ Rxf5 41. Nd3 Kh5 42. Ne5 Rg7 43. Rb1 Rf8 44. Rbc1 Rf6 45. Rg1 Rg8 46. Kf1 Nf5 47. Ke2 Nd6 48. Rg2 Rgf8 49. Nd7 Nc4 50. Nxf8 Rxf8 51. Rc1 b5 52. a5 Rf6 53. Rcg1 Rf5 54. f4 gxf4 55. Rg8 f3+ 56. Kf2 Rf6 57. R1g4 Nd6 58. Rh8+ Rh6 59. Rxh6+ Kxh6 60. Rxh4+ Kg5 61. Rg4+ Kf5 62. Kxf3 1-0

[Event "Hungarian Rapid-ch 2022"]
[Site "Ajka"]
[Date "2022.07.15"]
[Round "3.17"]
[White "Horvath, Adam"]
[Black "Seres, Bela"]
[Result "1-0"]
[ECO "C42"]
[WhiteElo "2520"]
[BlackElo "2207"]
[Annotator "ChessBase"]
[PlyCount "47"]
[EventDate "2022.07.15"]
[EventType "swiss"]
[EventCountry "HUN"]
[SourceTitle "playchess.com"]
[Source "ChessBase"]
[SourceQuality "1"]
[TimeControl "900+10"]

1. e4 e5 2. Nf3 Nf6 3. Nxe5 d6 4. Nf3 Nxe4 5. Nc3 Nxc3 6. dxc3 Bf5 7. Be3 Be7 8. Nd4 Bg6 9. Qf3 c6 10. Bd3 Bxd3 11. cxd3 O-O 12. h4 Nd7 13. Qg3 Ne5 14. Nf5 Bf6 15. O-O-O Qd7 16. Qh3 g6 17. Nh6+ Kg7 18. g4 Qe6 19. f4 Nd7 20. h5 Rae8 21. hxg6 Qxe3+ 22. Qxe3 Rxe3 23. Nf5+ Kxg6 24. Rh6# 1-0

[Event "Hungarian Rapid-ch 2022"]
[Site "Ajka"]
[Date "2022.07.15"]
[Round "3.18"]
[White "Borsos, Bogdan"]
[Black "Varga, Zoltan"]
[Result "0-1"]
[ECO "D02"]
[WhiteElo "2173"]
[BlackElo "2401"]
[Annotator "ChessBase"]
[PlyCount "106"]
[EventDate "2022.07.15"]
[EventType "swiss"]
[EventCountry "HUN"]
[SourceTitle "playchess.com"]
[Source "ChessBase"]
[SourceQuality "1"]
[TimeControl "900+10"]

1. d4 d5 2. Nf3 c6 3. g3 Bg4 4. Bg2 Nd7 5. h3 Bh5 6. Nbd2 e6 7. O-O Ngf6 8. Re1 Be7 9. e4 O-O 10. c3 b5 11. a4 b4 12. c4 dxe4 13. Nxe4 Nxe4 14. Rxe4 c5 15. Re1 Rc8 16. d5 exd5 17. cxd5 Bd6 18. g4 Bg6 19. Bg5 Qb6 20. a5 Qb8 21. Be7 Rfe8 22. Bxd6 Qxd6 23. Qa4 Be4 24. Rad1 Bxf3 25. Rxe8+ Rxe8 26. Bxf3 Rc8 27. Qb5 Ne5 28. Bg2 Rb8 29. Qe2 g5 30. Be4 Kg7 31. b3 Re8 32. Qb2 h6 33. Rd2 Qf6 34. Kg2 c4 35. bxc4 Nxc4 36. Qxf6+ Kxf6 37. Rd4 Nd6 38. Bc2 Rb8 39. Bb3 Ke5 40. Rd2 Rb5 41. Ra2 Kd4 42. f4 Kc3 43. Ba4 b3 44. Rf2 b2 45. Bc2 Rxd5 46. fxg5 hxg5 47. Bh7 f5 48. Rf3+ Kb4 49. Rf1 Nc4 50. Rb1 Rd2+ 51. Kf3 f4 52. h4 Rh2 53. h5 Nd2# 0-1

[Event "Hungarian Rapid-ch 2022"]
[Site "Ajka"]
[Date "2022.07.15"]
[Round "3.19"]
[White "Mihok, Oliver"]
[Black "Deak, Sandor"]
[Result "1-0"]
[ECO "B35"]
[WhiteElo "2549"]
[BlackElo "2264"]
[Annotator "ChessBase"]
[PlyCount "85"]
[EventDate "2022.07.15"]
[EventType "swiss"]
[EventCountry "HUN"]
[SourceTitle "playchess.com"]
[Source "ChessBase"]
[SourceQuality "1"]
[TimeControl "900+10"]

1. e4 c5 2. Nf3 Nc6 3. Nc3 g6 4. d4 cxd4 5. Nxd4 Bg7 6. Be3 Nf6 7. Bc4 O-O 8. Bb3 d6 9. f3 Nxd4 10. Bxd4 Be6 11. Qd2 Nd7 12. Bxg7 Kxg7 13. h4 h5 14. O-O-O Ne5 15. Kb1 a5 16. Rhf1 a4 17. Nxa4 b5 18. Nc3 Qa5 19. Nd5 Qa7 20. Qd4 f6 21. f4 Ng4 22. Rfe1 Qb7 23. Rd3 Rac8 24. f5 Bxd5 25. Bxd5 Qb8 26. Rg3 Ne5 27. Qd1 Rh8 28. Ree3 Rc5 29. a3 Qc7 30. c3 Qb8 31. Qb3 Qa7 32. Re1 Rhc8 33. Rf1 Rf8 34. fxg6 Nc4 35. Qd1 Rh8 36. Rf5 Rxd5 37. exd5 Rh6 38. Qe2 Ne5 39. Rxh5 Rxg6 40. Rxg6+ Kxg6 41. Rh8 Qg1+ 42. Ka2 Qc5 43. Qh5+ 1-0

[Event "Hungarian Rapid-ch 2022"]
[Site "Ajka"]
[Date "2022.07.15"]
[Round "3.20"]
[White "Kokeny, Gabor"]
[Black "Lizak, Peter"]
[Result "1-0"]
[ECO "C01"]
[WhiteElo "2204"]
[BlackElo "2400"]
[Annotator "ChessBase"]
[PlyCount "131"]
[EventDate "2022.07.15"]
[EventType "swiss"]
[EventCountry "HUN"]
[SourceTitle "playchess.com"]
[Source "ChessBase"]
[SourceQuality "1"]
[TimeControl "900+10"]

1. e4 e6 2. d4 d5 3. exd5 exd5 4. Bd3 c5 5. dxc5 Bxc5 6. Nf3 Nf6 7. O-O O-O 8. Bg5 h6 9. Bh4 Bg4 10. Nc3 g5 11. Bg3 Nc6 12. Qd2 Bxf3 13. gxf3 Nd4 14. Kg2 Qd7 15. h3 Nh5 16. Rae1 Rfe8 17. Rxe8+ Rxe8 18. Re1 Rxe1 19. Qxe1 Ne6 20. Bf1 Nhf4+ 21. Kh2 Nd4 22. Qd1 Nde6 23. Bd3 Bb4 24. Ne2 Nxd3 25. Qxd3 Bc5 26. Qf5 Nf8 27. Qd3 Ne6 28. Qf5 Nf8 29. Qd3 Bb6 30. Nc3 d4 31. Ne4 Qe6 32. Nd6 Ng6 33. Nf5 h5 34. Qe4 h4 35. Bb8 Qxe4 36. fxe4 Bc5 37. Kg2 a6 38. Kf3 f6 39. Ke2 Kf7 40. Kd3 Ne5+ 41. Bxe5 fxe5 42. Nh6+ Ke6 43. Ng4 b5 44. f3 Bb4 45. Nh6 Bf8 46. Ng4 Bb4 47. Nf2 Be1 48. Ng4 Bg3 49. Ke2 a5 50. Kd3 Bf4 51. b3 Bc1 52. a4 bxa4 53. bxa4 Ba3 54. Kc4 Bb4 55. Nf2 Be1 56. Nd3 Bc3 57. Kb5 Bd2 58. Kc6 Bc3 59. Nc5+ Kf6 60. Kd5 g4 61. fxg4 Kg5 62. Nd3 Kf6 63. Nxe5 Kg5 64. Nd3 Kf6 65. e5+ Ke7 66. e6 1-0

[Event "Hungarian Rapid-ch 2022"]
[Site "Ajka"]
[Date "2022.07.15"]
[Round "3.21"]
[White "Tancsa, Tamas"]
[Black "Hoang, Thanh Trang"]
[Result "0-1"]
[ECO "C11"]
[WhiteElo "2103"]
[BlackElo "2376"]
[Annotator "ChessBase"]
[PlyCount "66"]
[EventDate "2022.07.15"]
[EventType "swiss"]
[EventCountry "HUN"]
[SourceTitle "playchess.com"]
[Source "ChessBase"]
[SourceQuality "1"]
[TimeControl "900+10"]

1. e4 e6 2. d4 d5 3. Nc3 Nf6 4. e5 Nfd7 5. f4 c5 6. Nf3 Nc6 7. Be3 a6 8. Qd2 b5 9. Nd1 Be7 10. Be2 Qb6 11. Nf2 b4 12. O-O a5 13. c4 cxd4 14. Nxd4 Bc5 15. Rfd1 dxc4 16. Bxc4 Nxd4 17. Bxd4 O-O 18. Ne4 Bxd4+ 19. Qxd4 Bb7 20. Nd6 Ba6 21. Bxa6 Rxa6 22. Rac1 Ra7 23. Nc8 Qxd4+ 24. Rxd4 Rb7 25. Nd6 Ra7 26. Rc6 f6 27. Nb5 fxe5 28. fxe5 Rb7 29. Rxe6 Nc5 30. Rc6 Rxb5 31. Rd5 Ne6 32. Rxb5 Nd4 33. Rcc5 Ne2+ 0-1

[Event "Hungarian Rapid-ch 2022"]
[Site "Ajka"]
[Date "2022.07.15"]
[Round "3.22"]
[White "Straubinger, Daniel"]
[Black "Giang, Tran Nam"]
[Result "1-0"]
[ECO "B41"]
[WhiteElo "2349"]
[BlackElo "2144"]
[Annotator "ChessBase"]
[PlyCount "59"]
[EventDate "2022.07.15"]
[EventType "swiss"]
[EventCountry "HUN"]
[SourceTitle "playchess.com"]
[Source "ChessBase"]
[SourceQuality "1"]
[TimeControl "900+10"]

1. e4 c5 2. Nf3 e6 3. d4 cxd4 4. Nxd4 a6 5. c4 Nf6 6. Nc3 Bb4 7. Qc2 Qc7 8. a3 Bxc3+ 9. Qxc3 Nxe4 10. Nb5 axb5 11. Qxg7 Rf8 12. Bh6 Qc5 13. cxb5 d5 14. f3 Qf2+ 15. Kd1 Nd7 16. fxe4 f6 17. Qxh7 Qxb2 18. Rc1 Qd4+ 19. Ke1 Rf7 20. Qg8+ Nf8 21. exd5 exd5 22. Bxf8 Qe3+ 23. Kd1 Rxf8 24. Qg6+ Kd8 25. Qg3 Qd4+ 26. Bd3 Bg4+ 27. Kd2 Rf7 28. Rhe1 Rd7 29. h3 Rxa3 30. Qb8# 1-0

[Event "Hungarian Rapid-ch 2022"]
[Site "Ajka"]
[Date "2022.07.15"]
[Round "3.23"]
[White "Pogany, Zsombor"]
[Black "Dobos, Jozsef"]
[Result "0-1"]
[ECO "B06"]
[WhiteElo "2178"]
[BlackElo "2244"]
[Annotator "ChessBase"]
[PlyCount "82"]
[EventDate "2022.07.15"]
[EventType "swiss"]
[EventCountry "HUN"]
[SourceTitle "playchess.com"]
[Source "ChessBase"]
[SourceQuality "1"]
[TimeControl "900+10"]

1. e4 g6 2. h4 h5 3. d4 Bg7 4. Nc3 d6 5. Be3 a6 6. Qd2 b5 7. f3 Nf6 8. a4 b4 9. Nd1 a5 10. Bc4 d5 11. Bd3 dxe4 12. Bxe4 Nxe4 13. fxe4 Bb7 14. Nf2 c5 15. c3 bxc3 16. bxc3 Nc6 17. Nf3 Ba6 18. e5 cxd4 19. cxd4 Nb4 20. Ng5 Qd5 21. Nge4 Rc8 22. Nc5 Rxc5 23. dxc5 Qxe5 24. Rb1 Bh6 25. Rh3 O-O 26. Kd1 Bxe3 27. Rxe3 Qxc5 28. Ne4 Qf5 29. Rbb3 Qg4+ 30. Kc1 Qxh4 31. Kb2 Rc8 32. Rbc3 Rb8 33. Rb3 Bc4 34. Rxb4 Rxb4+ 35. Ka3 Rb8 36. Nc5 Bd5 37. Qxa5 Qh1 38. Qc3 Qxg2 39. Qa1 Qd2 40. Rc3 Qd4 41. a5 Qb4# 0-1

[Event "Hungarian Rapid-ch 2022"]
[Site "Ajka"]
[Date "2022.07.15"]
[Round "3.24"]
[White "Ats, Laszlo Gyorgy"]
[Black "Kovacs, Klara"]
[Result "1/2-1/2"]
[ECO "D00"]
[WhiteElo "1923"]
[BlackElo "2098"]
[Annotator "ChessBase"]
[PlyCount "49"]
[EventDate "2022.07.15"]
[EventType "swiss"]
[EventCountry "HUN"]
[SourceTitle "playchess.com"]
[Source "ChessBase"]
[SourceQuality "1"]
[TimeControl "900+10"]

1. d4 d5 2. Bf4 Nf6 3. h4 c5 4. e3 Nc6 5. c3 e6 6. Nf3 Be7 7. Nbd2 O-O 8. Bd3 cxd4 9. exd4 a6 10. Ne5 Nxe5 11. Bxe5 Nd7 12. Qh5 g6 13. Qe2 Nxe5 14. dxe5 d4 15. c4 b5 16. cxb5 axb5 17. h5 Qd5 18. hxg6 fxg6 19. Rxh7 Bg5 20. Bxg6 Qxg2 21. Rh8+ Kg7 22. Rxf8 Kxf8 23. Qf3+ Qxf3 24. Nxf3 Bf4 25. Be4 1/2-1/2

[Event "Hungarian Rapid-ch 2022"]
[Site "Ajka"]
[Date "2022.07.15"]
[Round "3.25"]
[White "Szamoskozi, Gabor"]
[Black "Kiss, Gergely"]
[Result "1-0"]
[ECO "B15"]
[WhiteElo "2243"]
[BlackElo "2166"]
[Annotator "ChessBase"]
[PlyCount "69"]
[EventDate "2022.07.15"]
[EventType "swiss"]
[EventCountry "HUN"]
[SourceTitle "playchess.com"]
[Source "ChessBase"]
[SourceQuality "1"]
[TimeControl "900+10"]

1. e4 c6 2. d4 d5 3. Nc3 dxe4 4. Nxe4 Nf6 5. Nxf6+ exf6 6. c3 Bd6 7. Bd3 O-O 8. Qc2 g6 9. Ne2 Qc7 10. h4 Bg4 11. Be3 Bxe2 12. Qxe2 Nd7 13. O-O-O Bf4 14. g3 Bxe3+ 15. Qxe3 f5 16. h5 Rfe8 17. Qh6 Nf8 18. Bc4 Kh8 19. Rde1 Re7 20. Qg5 Rae8 21. Qf6+ Kg8 22. h6 Rxe1+ 23. Rxe1 Rxe1+ 24. Kd2 Ne6 25. Kxe1 Qd8 26. Qe5 Qe7 27. f4 g5 28. Kd2 gxf4 29. gxf4 Qh4 30. Bxe6 Qf2+ 31. Kc1 Qg1+ 32. Kc2 fxe6 33. Qxe6+ Kf8 34. Qxf5+ Ke8 35. Qc8+ 1-0

[Event "Hungarian Rapid-ch 2022"]
[Site "Ajka"]
[Date "2022.07.15"]
[Round "3.26"]
[White "Kelemen, David"]
[Black "Hardicsay, Peter"]
[Result "1/2-1/2"]
[ECO "B30"]
[WhiteElo "2136"]
[BlackElo "2199"]
[Annotator "ChessBase"]
[PlyCount "73"]
[EventDate "2022.07.15"]
[EventType "swiss"]
[EventCountry "HUN"]
[SourceTitle "playchess.com"]
[Source "ChessBase"]
[SourceQuality "1"]
[TimeControl "900+10"]

1. e4 c5 2. Nf3 Nc6 3. Bb5 e6 4. Bxc6 bxc6 5. d3 d6 6. O-O Ne7 7. Nh4 Ng6 8. Nxg6 hxg6 9. f4 Be7 10. Qf3 Qb6 11. Kh1 Bd7 12. Nd2 d5 13. Rb1 a5 14. c4 d4 15. e5 f5 16. exf6 gxf6 17. Ne4 O-O-O 18. Bd2 Rh7 19. b4 cxb4 20. c5 Qb5 21. a3 Rdh8 22. h3 f5 23. Nd6+ Bxd6 24. cxd6 e5 25. axb4 e4 26. Qg3 e3 27. bxa5 Qd5 28. Kg1 exd2 29. a6 c5 30. a7 Bc6 31. Qxg6 Kd7 32. Rb8 Rxh3 33. Qg7+ Kxd6 34. Qf6+ Kc7 35. Qg7+ Kd6 36. Qf6+ Kc7 37. Qg7+ 1/2-1/2

[Event "Hungarian Rapid-ch 2022"]
[Site "Ajka"]
[Date "2022.07.15"]
[Round "3.27"]
[White "Hrubos, Viktor"]
[Black "Kaczur, Florian"]
[Result "0-1"]
[ECO "A05"]
[WhiteElo "1890"]
[BlackElo "2482"]
[Annotator "ChessBase"]
[PlyCount "34"]
[EventDate "2022.07.15"]
[EventType "swiss"]
[EventCountry "HUN"]
[SourceTitle "playchess.com"]
[Source "ChessBase"]
[SourceQuality "1"]
[TimeControl "900+10"]

1. Nf3 Nf6 2. c4 c5 3. b3 g6 4. Bb2 Bg7 5. e3 O-O 6. Be2 Nc6 7. a3 d5 8. d3 d4 9. Nbd2 dxe3 10. fxe3 Ng4 11. Bxg7 Nxe3 12. Qc1 Kxg7 13. h3 Nxg2+ 14. Kf2 Nf4 15. Qb2+ e5 16. h4 Qxd3 17. Rae1 Qxe2+ 0-1